Map: Magma Mines

Players

Lagard

  • Race: Terran Terran
  • Spawn Location: 1:00

DerDon

  • Race: Zerg Zerg
  • Spawn Location: 3:00

Loken - Winner!

  • Race: Zerg Zerg
  • Spawn Location: 9:00

dallaskuken - Winner!

  • Race: Protoss Protoss
  • League: Platinum
  • Spawn Location: 11:00

VOD

Have the link to the VOD?

Description

Time

  • Played on: March 10, 2017, 1:12 p.m.
  • Length: 7:53
Show
View Real Time Build Order
Export as new Build Order

Lagard Terran 

Build Orders: Reaper Expand 

Get SALT Encoding   

  12  0:01  SCV  
  13  0:18  SCV  
  13  0:21  Supply Depot  
  14  0:30  SCV  
  15  0:45  Barracks  
  15  0:46  SCV  
  15  0:49  Refinery  
  16  0:58  SCV  
  17  1:06  Barracks  
  17  1:10  SCV  
  18  1:22  SCV  
  19  1:37  Orbital Command  
  19  1:58  Refinery  
  19  1:59  Command Center  
  19  2:08  Reaper  
  20  2:17  Reaper  
  21  2:32  Refinery  
  21  2:41  Reaper  
  22  2:45  SCV, Barracks  
  23  3:01  Supply Depot  
  23  3:11  SCV, Reaper  
  25  3:13  Reaper  
  25  3:17  Supply Depot  
  26  3:23  SCV  
  27  3:32  Orbital Command  
  27  3:35  SCV  
  28  3:43  Reaper  
  28  3:47  SCV  
  26  4:18  Marine x3  
  26  4:22  Engineering Bay  
  29  4:36  Marine x3  
  30  4:49  Missile Turret  
  30  4:52  Missile Turret  
  30  4:54  Marine x3  
  33  5:11  Marine, Terran Infantry Weapons Level 1  
  33  5:12  Marine  
  33  5:13  SCV  
  36  5:17  SCV  
  37  5:21  Marine  
  37  5:25  SCV  
  39  5:29  SCV, Marine  
  42  5:36  Missile Turret  
  42  5:38  SCV  
  42  5:39  Marine  
  42  5:41  SCV  
  45  5:43  Factory, Refinery  
  45  5:47  Marine  
  45  5:48  Barracks Tech Lab  
  45  5:50  SCV  
  45  5:55  Barracks  
  45  5:56  SCV  
  47  6:02  SCV  
  48  6:08  SCV  
  48  6:11  Combat Shields  
  49  6:12  Barracks Tech Lab  
  49  6:14  SCV  
  50  6:20  Barracks  
  36  6:41  Bunker  
  36  6:43  Marine x2  
  40  6:48  Marauder  
  40  6:51  Marauder, Factory Reactor  
  42  6:58  Starport  
  42  7:01  Marine x2  
  44  7:10  Marauder  
  44  7:12  Marauder  
  48  7:19  Marine x2  
  50  7:34  Marine  
Show
View Real Time Build Order
Export as new Build Order

DerDon Zerg 

Build Orders: Pool First 

Get SALT Encoding   

  12  0:06  Drone  
  13  0:11  Drone  
  14  0:31  Spawning Pool  
  14  0:34  Overlord  
  13  0:39  Extractor  
  13  0:41  Drone  
  13  0:49  Drone  
  14  0:59  Drone x2  
  16  1:18  Zergling x2  
  17  1:19  Zergling x2  
  17  1:25  Queen  
  20  1:32  Spine Crawler  
  19  1:39  Zergling x2  
  20  1:40  Zergling x2  
  21  1:48  Metabolic Boost  
  21  1:51  Zergling x2  
  22  2:12  Zergling x2  
  21  2:18  Zergling x2  
  20  2:45  Roach Warren  
  19  2:59  Zergling x6  
  19  3:02  Hatchery  
  19  3:03  Zergling x2  
  22  3:07  Overlord  
  22  3:23  Overlord  
  22  3:43  Zergling x8  
  26  4:01  Zergling x6  
  26  4:02  Zergling x4  
  25  4:14  Spore Crawler  
  23  4:24  Spore Crawler  
  22  4:32  Spore Crawler  
  21  4:41  Drone  
  21  4:42  Drone  
  23  5:00  Drone x2  
  23  5:03  Drone  
  17  5:57  Roach  
  17  5:58  Roach x2  
  17  6:02  Roach x3  
  29  6:09  Drone  
  30  6:20  Drone  
  31  6:26  Drone, Spore Crawler  
  31  6:37  Zergling x10  
  36  6:47  Zergling x2  
  36  6:48  Zergling x2  
  36  6:50  Zergling x2  
  31  7:05  Zergling x4  
  18  7:24  Spine Crawler  
  16  7:34  Spine Crawler  
Show
View Real Time Build Order
Export as new Build Order

Loken Zerg - Winner!

Build Orders: Hatch First 

Get SALT Encoding   

  12  0:01  Drone  
  13  0:15  Overlord  
  13  0:21  Drone  
  14  0:34  Drone  
  14  0:35  Drone  
  16  0:37  Drone  
  17  0:48  Drone  
  18  1:02  Hatchery  
  17  1:13  Spawning Pool  
  16  1:22  Drone x2  
  16  1:23  Drone  
  19  1:27  Extractor  
  18  1:33  Overlord  
  18  2:00  Hatchery  
  17  2:05  Zergling x2  
  17  2:06  Zergling x2  
  17  2:20  Queen  
  19  2:27  Zergling x2  
  19  2:29  Zergling x2  
  20  2:35  Drone  
  21  2:49  Drone  
  21  2:50  Drone x3  
  25  3:03  Queen  
  27  3:06  Drone x2  
  29  3:17  Drone x3  
  32  3:27  Extractor  
  31  3:32  Metabolic Boost  
  31  3:38  Roach Warren  
  29  3:47  Zergling x8  
  29  3:48  Zergling x2  
  30  4:01  Zergling x6  
  24  4:25  Drone x3  
  24  4:29  Drone  
  28  4:43  Lair  
  28  4:47  Drone x3  
  31  5:04  Drone x7  
  37  5:30  Roach  
  37  5:31  Roach  
  37  5:33  Overlord x3  
  37  5:34  Overlord  
  41  5:55  Roach  
  41  5:56  Roach x5  
  53  5:57  Zergling x2  
  53  5:58  Zergling x10  
  59  6:13  Zergling x2  
  59  6:14  Zergling x4  
  62  6:28  Drone  
  62  6:29  Drone x6  
  69  6:46  Drone x4  
  73  6:58  Overlord  
  73  6:59  Overlord x3  
Show
View Real Time Build Order
Export as new Build Order

dallaskuken Protoss - Winner!

Build Orders: Oracle Opening 

Get SALT Encoding   

  12  0:01  Probe (Chrono Boost)  
  13  0:12  Probe (Chrono Boost)  
  14  0:23  Probe (Chrono Boost)  
  14  0:25  Pylon  
  15  0:43  Probe (Chrono Boost)  
  16  0:52  Gateway  
  16  0:54  Probe (Chrono Boost)  
  17  1:04  Probe (Chrono Boost)  
  17  1:06  Assimilator  
  18  1:15  Probe (Chrono Boost)  
  20  1:25  Probe (Chrono Boost)  
  20  1:41  Probe (Chrono Boost)  
  20  1:46  Cybernetics Core  
  21  1:47  Pylon  
  21  1:54  Assimilator  
  21  2:10  Zealot  
  23  2:23  Warp Gate  
  23  2:44  Stargate  
  23  2:46  Pylon  
  23  2:50  Probe (Chrono Boost)  
  24  3:01  Mothership Core (Chrono Boost)  
  26  3:29  Oracle  
  29  3:34  Pylon  
  29  3:36  Pylon  
  29  3:39  Gateway  
  29  3:40  Gateway  
  29  3:41  Gateway  
  29  3:42  Gateway  
  29  4:39  Stalker x5  
  38  5:29  Stalker x5  
  48  5:45  Void Ray  
  49  5:59  Pylon  
  49  6:01  Pylon  
  49  6:03  Stalker  
  49  6:04  Stalker x2, Pylon  
  51  6:42  Nexus  
  51  6:43  Stalker x2  
Tags
 
Add a new tag
Caveats
  • Supply blocks, unpowered buildings, or Contaminate may cause inaccurate times.
  • Supply counts are checked every 10 seconds.